 Dungeon Crawl Stone Soup version 0.31-a0-259-g771a54ca4b (webtiles) character file.

Game seed: 17992807814844581193

197 qw the Shooter (level 5, -4/45 HPs)
             Began as a Minotaur Hexslinger on July 13, 2023.
             Slain by a river rat (8 damage)
             ... summoned by Eustachio
             ... on level 4 of the Dungeon.
             The game lasted 00:01:25 (2468 turns).

qw the Shooter (Minotaur Hexslinger)                Turns: 2468, Time: 00:01:26

Health: -4/45      AC:  5    Str: 13    XL:     5   Next: 46%
Magic:  5/5        EV: 11    Int: 10    God:
Gold:   224        SH:  5    Dex: 14    Spells: 5/6 levels left

rFire   + . .        Y - +2 sling
rCold   . . .        (no shield)
rNeg    . . .        c - +0 ring mail
rPois   .            (helmet restricted)
rElec   .            (no cloak)
rCorr   .            (no gloves)
SInv    +            (no boots)
Will    .....        m - amulet of reflection
Stlth   +            h - ring of see invisible
HPRegen 0.27/turn    i - ring of protection from fire
MPRegen 0.09/turn

%: reflection
@: about to teleport
A: horns 2, retaliatory headbutt
a: no special abilities


You were on level 4 of the Dungeon.
You visited 1 branch of the dungeon, and saw 4 of its levels.

You collected 224 gold pieces.


Innate Abilities, Weirdness & Mutations

You have a pair of horns on your head.
You reflexively headbutt those who attack you in melee.


   Skills:
 - Level 3.5 Fighting
 + Level 5.3 Ranged Weapons
 - Level 1.0 Armour
 - Level 2.1 Dodging
 - Level 1.0 Spellcasting
 - Level 2.0 Hexes


You had 5 spell levels left.
You knew the following spells:

 Your Spells              Type           Power      Damage    Failure   Level
a - Slow                  Hex            16%        N/A       32%         1

Your spell library contained the following spells:

 Spells                   Type           Power      Damage    Failure   Level
 Inner Flame              Hex/Fire       2%         N/A       82%         3
 Portal Projectile        Hex/Tloc       4%         N/A       82%         3
 Cause Fear               Hex            2%         N/A       97%         4

Inventory:

Hand Weapons
 Y - a +2 sling (weapon)
Armour
 c - a +0 ring mail (worn)
Jewellery
 a - a ring of willpower
 h - a ring of see invisible (left hand)
 i - a ring of protection from fire (right hand)
 m - an amulet of reflection (around neck)
Scrolls
 f - 4 scrolls of identify
 k - a scroll of teleportation
Potions
 b - a potion of curing
 d - a potion of enlightenment
 e - a potion of mutation {unknown}
 l - a potion of might {unknown}
 n - a potion of lignification {unknown}

Dungeon Overview and Level Annotations

Branches:
Dungeon (4/15)
 Temple: D:4-7

Altars:

Shops:
D:1 (

Annotations:
D:4 Eustachio


Message History

You kill the quokka!
The quokka's corpse disappears in a puff of smoke!
You shoot a sling bullet.
The sling bullet barely misses Eustachio.
Eustachio barely misses you. You furiously retaliate!
You headbutt Eustachio! The dart slug launches a dart at you.
The slug dart hits you but does no damage.
Eustachio casts a spell.
You shoot a sling bullet.
The sling bullet closely misses Eustachio.
The dart slug launches a dart at you. The slug dart hits you.
Eustachio hits you with a +0 rapier.
You shoot a sling bullet. The sling bullet hits Eustachio.
Eustachio is moderately wounded.
You block Eustachio's attack. The rat bites you but does no damage.
The dart slug closely misses you.
You shoot a sling bullet. The sling bullet hits Eustachio.
Eustachio is moderately wounded.
Eustachio barely misses you. The rat barely misses you.
You furiously retaliate!
You headbutt the rat.
You kill the rat!
The rat's corpse disappears in a puff of smoke!
The river rat bites you but does no damage.
You block the dart slug's attack.
You shoot a sling bullet.
The sling bullet hits Eustachio but does no damage.
Eustachio is moderately wounded.
You block the river rat's attack. Eustachio barely misses you.
You shoot a sling bullet.
The sling bullet barely misses Eustachio.
Eustachio barely misses you. The river rat bites you!
You block the dart slug's attack.
The river rat bites you but does no damage.
Eustachio hits you but does no damage.
2468 ||| READING 2 scrolls of teleportation.
As you read the scroll of teleportation, it crumbles to dust.
You feel strangely unstable. The dart slug launches a dart at you.
The slug dart hits you. The river rat bites you!
You die...

...# ..##.. ...#..
###########
...##.##.........#
...##..#.........#
....#............# .
>...##.........¤¤# !..
?...###........r.##.....
.....##........@@w......
.....##..###..####!.....
.....###.####.# .....
.>....##...##..# ....
....#.####.###.# ...
..###....#..# .# .. ..
##.#.##.##.. . ..
#.#.##..##.# .
#.#.###..#..


You could see Eustachio, a river rat (summoned) and a dart slug.

Vanquished Creatures
  A jelly (D:4)
  An iguana (D:4)
  An adder (D:2)
  2 worms
  11 dart slugs (D:3)
  10 orcs
  4 endoplasms
  4 giant cockroaches
  8 goblins
  8 hobgoblins
  6 quokkas
  12 ball pythons
  8 bats
  4 frilled lizards
  6 kobolds
  5 rats
91 creatures vanquished.

Notes
Turn   | Place    | Note
-------+----------+-------------------------------------------
     0 | D:1      | qw the Minotaur Hexslinger began the quest for the Orb.
     0 | D:1      | Reached XP level 1. HP: 16/16 MP: 1/1
     0 | D:1      | 0 ||| qw: Version: 0.3-a-52-g30416fa
     0 | D:1      | 0 ||| qw: Game counter: 6895
     0 | D:1      | 0 ||| qw: Melee chars always use a shield: true
     0 | D:1      | 0 ||| qw: God list: Okawaru
     0 | D:1      | 0 ||| qw: Allow faded altars: false
     0 | D:1      | 0 ||| qw: Do Orc after clearing Dungeon:15 true
     0 | D:1      | 0 ||| qw: Do second Lair branch before Depths: true
     0 | D:1      | 0 ||| qw: Lair rune preference: random
     0 | D:1      | 0 ||| qw: Goals: Normal
     0 | D:1      | 0 ||| PLANNING D:1-11
   107 | D:1      | Found Liah's Antique Weapon Boutique.
   222 | D:1      | Reached skill level 3 in Ranged Weapons
   222 | D:1      | Reached XP level 2. HP: 23/23 MP: 2/2
   348 | D:1      | 348 ||| FLEEEEING.
   349 | D:1      | 349 ||| FLEEEEING.
   350 | D:1      | 350 ||| FLEEEEING.
   821 | D:1      | 821 ||| UPGRADING to +0 leather armour.
   831 | D:1      | 831 ||| DROPPING +0 robe.
   832 | D:1      | 832 ||| UPGRADING to ring of protection from fire.
   833 | D:1      | 833 ||| READING scroll labelled LASKOEDWARUU.
   834 | D:1      | 834 ||| READING scroll labelled TUAGID GETHEPY.
   835 | D:1      | 835 ||| READING scroll labelled OSIC HAUWAFFIO.
   836 | D:1      | 836 ||| READING scroll labelled HEITEM XEGUNK.
   837 | D:1      | 837 ||| DRINKING 2 green potions.
   838 | D:1      | 838 ||| DROPPING scroll of poison.
   946 | D:2      | Reached XP level 3. HP: 29/29 MP: 3/3
  1124 | D:2      | Found a faded altar of an unknown god.
  1252 | D:2      | Reached skill level 4 in Ranged Weapons
  1322 | D:2      | HP: 5/29 [worm (10)]
  1323 | D:2      | 1323 ||| DRINKING potion of heal wounds.
  1520 | D:2      | 1520 ||| UPGRADING to +0 ring mail.
  1530 | D:2      | 1530 ||| DROPPING +0 leather armour.
  1531 | D:2      | 1531 ||| UPGRADING to ring of willpower.
  1532 | D:2      | 1532 ||| READING scroll labelled UWNEUDGHAA ZAOT.
  1537 | D:2      | 1537 ||| READING scroll labelled URUPPA JOSCH.
  1638 | D:2      | 1638 ||| READING scroll labelled OSECZAG KUL.
  1639 | D:2      | 1639 ||| READING 2 scrolls of identify.
  1639 | D:2      | 1639 ||| IDENTIFYING amethyst potion
  1701 | D:3      | Reached XP level 4. HP: 36/36 MP: 4/4
  1708 | D:3      | Reached skill level 1 in Armour
  1813 | D:3      | 1813 ||| FLEEEEING.
  1814 | D:3      | 1814 ||| FLEEEEING.
  1815 | D:3      | 1815 ||| FLEEEEING.
  1816 | D:3      | 1816 ||| FLEEEEING.
  1817 | D:3      | 1817 ||| FLEEEEING.
  1818 | D:3      | 1818 ||| FLEEEEING.
  1819 | D:3      | 1819 ||| FLEEEEING.
  1820 | D:3      | 1820 ||| FLEEEEING.
  1821 | D:3      | 1821 ||| FLEEEEING.
  1945 | D:3      | 1945 ||| FLEEEEING.
  1992 | D:3      | Reached skill level 5 in Ranged Weapons
  2270 | D:3      | 2270 ||| DROPPING scarf of harm.
  2271 | D:3      | 2271 ||| UPGRADING to amulet of reflection.
  2276 | D:3      | 2276 ||| UPGRADING to ring of see invisible.
  2278 | D:3      | 2278 ||| UPGRADING to ring of protection from fire.
  2280 | D:3      | 2280 ||| READING scroll labelled FEIMAJUEVY.
  2281 | D:3      | 2281 ||| READING 3 scrolls of identify.
  2281 | D:3      | 2281 ||| IDENTIFYING metallic inky potion
  2282 | D:3      | 2282 ||| READING 2 scrolls of identify.
  2282 | D:3      | 2282 ||| IDENTIFYING sapphire potion
  2283 | D:3      | 2283 ||| DROPPING potion of brilliance.
  2341 | D:4      | Reached XP level 5. HP: 32/44 MP: 5/5
  2436 | D:4      | Reached skill level 3 in Fighting
  2445 | D:4      | Noticed Eustachio
  2467 | D:4      | HP: 7/45 [river rat[Eustachio] (8)]
  2468 | D:4      | 2468 ||| READING 2 scrolls of teleportation.
  2468 | D:4      | Slain by a river rat

Levels and vault maps discovered:
D:1:      onia_arrival_mini_maze, layout_loops_ring, serial_shops, shop,
          kennysheep_another_room
D:2:      kennysheep_six_static_rooms, layout_basic,
          shapermc_ecumenical_altar_pompeii, kennysheep_generic_room_4
D:3:      kennysheep_slugbush, layout_rooms
D:4:      layout_rooms, uniq_eustachio, uniq_pikel

Skill      XL: |  1  2  3  4  5 |
---------------+----------------+-----
Ranged Weapons | 3 4 5 |  5.3
Fighting       | 2 3 |  3.5
Armour         | 1 |  1.0
Dodging        | |  2.1
Spellcasting   | |  1.0
Hexes          | |  2.0

Action                     |  1- 3 |  4- 6 || total
---------------------------+-------+-------++-------
   Fire: Sling             |   149 |   132 ||   281
    Use: Scroll            |     8 |     4 ||    12
         Potion            |     2 |       ||     2
 Armour: Robe              |     9 |       ||     9
         Leather armour    |    10 |       ||    10
         Ring mail         |       |    23 ||    23
  Dodge: Dodged            |    44 |    53 ||    97
  Block: Other             |       |     8 ||     8

Table legend:
 A = Non-vault XP
 B = Vault XP
 C = Vault XP percentage of total XP
 D = Non-vault monster count
 E = Vault monster count
 F = Vault count percentage of total count
                 A         B        C        D         E       F
            +---------+---------+-------+---------+---------+-------
      Total |     216 |      66 |  23.4 |      74 |      17 |  18.7
            +---------+---------+-------+---------+---------+-------
        D:1 |      36 |       0 |   0.0 |      21 |       0 |   0.0
        D:2 |      25 |      26 |  51.0 |      16 |       7 |  30.4
        D:3 |      54 |      40 |  42.6 |      26 |      10 |  27.8
        D:4 |     101 |       0 |   0.0 |      11 |       0 |   0.0
            +---------+---------+-------+---------+---------+-------
